 Dungeon Sprint DCSS version 0.03.2.1-42-g860841ac0a (webtiles) character file.

Game seed: 7610525100440898903, levelgen mode: deterministic

7118139 esc the Merry Centaur (level 23, 210/210 (216) HPs) Centaur Hunter. Began on Jan 25, 2021. Was an Initiate of Gozag Ym Sagoz. Escaped with the Orb ... and 3 runes! The game lasted 01:03:28 (8793 turns).

esc the Merry Centaur (Centaur Hunter)              Turns: 8793, Time: 01:03:28

HP:   210/210 (216) AC: 64    Str: 36    XL:     23 ^: 133259
MP:   56/56         EV: 27    Int: 14    God:    Gozag Ym Sagoz
Gold: 32374         SH:  0    Dex: 20    Spells: 60/63 levels left

rFire    + + +     Vision   +   q - +9 longbow (molten)
rCold    + . .     Gourm    .   (also wielding the above weapon)
rNeg     + . .     Faith    .   b - +14 gold dragon scales {Dex+3}
rPois    +         Spirit   .   G - +4 hat of Heresy {Str+10}
rElec    +         Reflect  .   c - scarf {repulsion}
rCorr    .         Harm     .   a - +2 pair of gloves {archery}
MR       +++..     Rnd*Rage +   H - +10 Black Knight's horse barding {ponderous, rPois rN+} Stlth +.........NoTele +
                                T - amulet of Winter {Acrobat rF++ Int+4 Slay+5}
HPRegen  0.80/turn              A - ring "Vaudutz" {*Drain EV+5 Str+10 Stlth-}
MPRegen  0.66/turn              x - ring "Lyiviec" {rElec MR++ MP+9 Dex-2 +Vis}

@: gold aura, repel missiles, quick
A: large, hooves 3, berserk 1, deformed body, speed 2, frail 1, tough skin 3
0: Orb of Zot
}: 3/3 runes: silver, golden, iron
a: Potion Petition, Call Merchant, Bribe Branch, Renounce Religion


You escaped.
You worshipped Gozag Ym Sagoz.
Gozag Ym Sagoz was extremely pleased with you.
You were very full.

You visited 1 branch You collected 54969 gold pieces.
You spent 7072 gold pieces at shops.
You paid 15523 gold pieces to Gozag.

Inventory:

Weapons
 q - a +9 longbow of molten steel (weapon)
Armour
 a - a +2 pair of gloves of archery (worn)
 b - +14 gold dragon scales of dexterity (worn)
 c - a scarf of repulsion (worn)
 G - the +4 hat of Heresy (worn) {Str+10}
   (You bought it in a shop in the Dungeon)

   It affects your strength (+10).
 H - the +10 Black Knight's horse barding (worn) {ponderous, rPois rN+}
   (You bought it in a shop in the Dungeon)

   It protects you from poison.
   It protects you from negative energy.
Jewellery
 l - the ring of Ublon {+Blink rPois rC+ rCorr}
   (You found it in the Dungeon)

   [ring of resist corrosion]

   It protects you from cold.
   It protects you from poison.
   It lets you blink.
   It provides partial protection from all sources of acid and corrosion.
 p - the ring "Goguiz" {EV+5 Dex+5}
   (You took it off a draconian shifter in the Dungeon)

   [ring of evasion]

   It affects your evasion (+5).
   It affects your dexterity (+5).
 s - the ring of Attitude {*Contam rF+ rC+ MR++ Int+5}
   (You found it in the Dungeon)

   [ring of intelligence]

   It affects your intelligence (+5).
   It protects you from fire.
   It protects you from cold.
   It affects your resistance to hostile enchantments.
   It causes magical contamination when unequipped.
 x - the ring "Lyiviec" (right hand) {rElec MR++ MP+9 Dex-2 +Vis}
   (You found it in the Dungeon)

   [ring of magical power]

   It affects your dexterity (-2).
   It insulates you from electricity.
   It affects your resistance to hostile enchantments.
   It affects your magic capacity (+9).
   It improves your vision.
 A - the ring "Vaudutz" (left hand) {*Drain EV+5 Str+10 Stlth-}
   (You bought it in a shop in the Dungeon)

   [ring of evasion]

   It affects your evasion (+5).
   It affects your strength (+10).
   It causes draining when unequipped.
   It makes you less stealthy.
 C - the ring of Mistrust {rElec rN+}
   (You took it off a vampire knight in the Dungeon)

   [ring of positive energy]

   It insulates you from electricity.
   It protects you from negative energy.
 J - the ring "Yppapt" {rElec rC+ rN+}
   (You found it in the Dungeon)

   [ring of positive energy]

   It protects you from cold.
   It insulates you from electricity.
   It protects you from negative energy.
 L - an uncursed ring of poison resistance
 M - the cursed amulet of Doasiwoc {+Rage rC+, (Curse: *Corrode)}
   (You took it off a vampire knight in the Dungeon)

   [amulet of rage]

   It protects you from cold.
   It lets you go berserk.
   It has a curse placed upon it.
   { (Curse: *Corrode)}
 N - a cursed ring of strength {(Curse: MR-)}
 P - an uncursed ring of protection
 Q - an uncursed ring of wizardry
 T - the amulet of Winter (around neck) {Acrobat rF++ Int+4 Slay+5}
   (You found it in the Dungeon)

   [amulet of the acrobat]

   It helps you evade while moving and waiting.
   It affects your intelligence (+4).
   It affects your accuracy and damage with ranged weapons and melee attacks
   (+5).
   It greatly protects you from fire.
Wands
 j - a wand of flame (30)
 m - a wand of iceblast (13)
 n - a wand of ensnaring (36)
 o - a wand of random effects (8)
 y - a wand of acid (5)
 F - a wand of enslavement (9)
Scrolls
 r - a scroll of holy word
 w - 8 scrolls of fog
 B - 2 scrolls of fear
 D - a scroll of bless item
 E - a scroll of magic mapping
 I - 2 scrolls of blinking
 K - 3 scrolls of enchantment
Potions
 e - 9 potions of curing
 f - 29 potions of heal wounds
 h - 4 potions of magic
 i - 7 potions of berserk rage
 k - 2 potions of invisibility
 t - 2 potions of resistance
 u - 6 potions of agility
 v - 8 potions of mutation
 z - 8 potions of might
 O - a potion of ambrosia
Comestibles
 d - 13 rations


   Skills:
 O Level 27 Fighting
 O Level 27 Bows
 O Level 27 Armour
 O Level 27 Dodging
 O Level 27 Stealth
 - Level 3.7 Unarmed Combat
 + Level 20.9 Spellcasting
 + Level 23.8 Charms
 + Level 23.8 Translocations
 O Level 27 Evocations


You had 60 spell levels left.
You knew the following spells:

 Your Spells              Type           Power        Failure   Level  Hunger
a - Portal Projectile     Chrm/Tloc      50 (50)      0%          3    None

Your spell library contained the following spells:

 Spells                   Type           Power        Failure   Level  Hunger
 Infusion                 Chrm           25 (25)      0%          1    None
 Shroud of Golubria       Chrm/Tloc      69 (200)     0%          2    None
 Song of Slaying          Chrm           69 (100)     0%          2    None
 Pryten's Skeletal Upris  Chrm/Necr      48 (200)     1%          3    None
 Recall                   Summ/Tloc      N/A          1%          3    None
 Regeneration             Chrm/Necr      48 (200)     1%          3    None
 Spectral Weapon          Chrm/Summ      48 (100)     1%          3    None
 Force Lance              Tloc/Air       48 (200)     1%          4    None
 Muse Oam's Air Blast     Tloc/Air       48 (100)     1%          4    None
 Excruciating Wounds      Chrm/Necr      48 (200)     1%          5    ###....
 Dispersal                Tloc           69 (200)     1%          6    #####..
 Controlled Blink         Tloc           69 (100)     1%          7    ######.
 Disjunction              Tloc           69 (200)     2%          8    #######
 Beastly Appendage        Tmut           14 (50)      7%          1    None
 Flame Tongue             Fire           14 (30)      7%          1    None
 Foxfire                  Fire           14 (25)      7%          1    None
 Magic Candle             Hex/Fire       14 (90)      7%          1    None
 Sandblast                Erth           14 (50)      7%          1    None
 Summon Butterflies       Summ           14 (100)     7%          1    None
 Summon Small Mammal      Summ           14 (25)      7%          1    None
 Death Channel            Chrm/Necr      48 (200)     8%          6    #####..
 Ring of Flames           Chrm/Fire      48 (200)     8%          6    #####..
 Call Imp                 Summ           14 (100)     11%         2    None
 Corpse Rot               Tmut/Necr      N/A          11%         2    None
 Ensorcelled Hibernation  Hex/Ice        14 (50)      11%         2    None
 Passwall                 Tmut/Erth      14 (120)     11%         2    None
 Searing Ray              Fire           14 (50)      11%         2    None
 Sticks to Snakes         Tmut           14 (100)     11%         2    None
 Sublimation of Blood     Necr           14 (200)     11%         2    None
 Blinding Spray           Hex/Pois       14 (50)      21%         3    None
 Call Canine Familiar     Summ           14 (100)     21%         3    None
 Confuse                  Hex            14 (100)     21%         3    None
 Conjure Flame            Fire           14 (100)     21%         3    None
 Ignite Poison            Fire/Tmut      14 (100)     21%         3    None
 Inner Flame              Hex/Fire       14 (100)     21%         3    None
 Static Discharge         Air            14 (100)     21%         3    None
 Stone Arrow              Erth           14 (50)      21%         3    None
 Tukima's Dance           Hex            14 (100)     21%         3    None
 Malign Gateway           Summ/Tloc      48 (200)     38%         7    ######.
 Animate Dead             Necr           N/A          56%         4    None
 Fulminant Prism          Hex            14 (200)     56%         4    None
 Ice Form                 Ice/Tmut       14 (100)     56%         4    None
 Leda's Liquefaction      Tmut/Erth      14 (200)     56%         4    None
 Petrify                  Tmut/Erth      14 (100)     56%         4    None
 Sticky Flame             Fire/Pois      14 (100)     56%         4    None
 Still Winds              Hex/Air        14 (200)     56%         4    None
 Throw Icicle             Ice            14 (100)     56%         4    None
 Aura of Abjuration       Summ           14 (200)     88%         5    ###....
 Blade Hands              Tmut           14 (200)     88%         5    ###....
 Bolt of Draining         Necr           14 (200)     88%         5    ###....
 Bolt of Magma            Fire/Erth      14 (200)     88%         5    ###....
 Irradiate                Tmut/Pois      14 (200)     88%         5    ###....
 Lee's Rapid Deconstruct  Erth           14 (200)     88%         5    ###....
 Lightning Bolt           Air            14 (200)     88%         5    ###....
 Methodical Deconstructi  Erth           14 (200)     88%         5    ###....
 Silence                  Hex/Air        14 (200)     88%         5    ###....
 Summon Forest            Summ/Erth      14 (200)     88%         5    ###....
 Summon Mana Viper        Summ/Pois      14 (100)     88%         5    ###....
 Yara's Violent Unravell  Hex/Tmut       14 (200)     88%         5    ###....
 Agony                    Necr           14 (180)     100%        6    #####..
 Bolt of Cold             Ice            14 (200)     100%        6    #####..
 Bolt of Fire             Fire           14 (200)     100%        6    #####..
 Borgnjor's Vile Clutch   Necr/Erth      14 (200)     100%        6    #####..
 Cigotuvi's Degeneration  Tmut/Necr      14 (200)     100%        6    #####..
 Darkness                 Hex            14 (200)     100%        6    #####..
 Freezing Cloud           Ice/Air        14 (200)     100%        6    #####..
 Iron Shot                Erth           14 (200)     100%        6    #####..
 Ozocubu's Refrigeration  Ice            14 (200)     100%        6    #####..
 Shadow Creatures         Summ           N/A          100%        6    #####..
 Simulacrum               Ice/Necr       14 (200)     100%        6    #####..
 Statue Form              Tmut/Erth      14 (150)     100%        6    #####..
 Summon Hydra Mount       Summ           14 (200)     100%        6    #####..
 Tunneling                Erth           14 (200)     100%        6    #####..
 Dragon Form              Tmut           14 (200)     100%        7    ######.
 Infestation              Tmut/Pois      14 (200)     100%        7    ######.
 Monstrous Menagerie      Summ           14 (200)     100%        7    ######.
 Summon Jungle            Summ           14 (200)     100%        8    #######
 Shatter                  Erth           14 (200)     100%        9    #######
 Passage of Golubria      Tloc           Unusable     N/A         4    N/A

Dungeon Overview and Level Annotations

Branches:
Dungeon (1/1)

Altars:
Ashenzari
Cheibriados
Dithmenos
Elyvilon
Fedhas Madash
Gozag Ym Sagoz
Hepliaklqana
Kikubaaqudgha
Makhleb
Nemelex Xobeh
Okawaru
Qazlal
Ru
Sif Muna
Trog
Uskayaw
Vehumet
Wu Jian
Xom
Yredelemnul
Zin
The Shining One
Beogh
Jiyva
Lugonu

Shops:
D [*?=([((*?(


Innate Abilities, Weirdness & Mutations

You have hooves in place of feet.
Armour fits poorly on your strangely shaped body.
You cover ground very quickly.
You have extremely tough skin. (AC +3)
You tend to lose your temper in combat.
You are frail. (-10% HP)


Message History

a +0 chain mail; a +0 war axe of molten steel
There is a huge open gate to the Grid Vault (Hard) here.
Your extra speed is starting to run out.
There is a huge open gate to the Main Hall (Safe) here.
You feel yourself slow down.
There is a huge open gate to the Grid Vault (Hard) here.
A blizzard demon comes into view.
There is a huge open gate to the Grid Vault (Hard) here.
Aiming:
q - a +9 longbow of molten steel, Range: 5 (125%)
Press: ? - help, Shift-Dir - straight line, f - blizzard demon
Aim: a blizzard demon (healthy (60/60))
You shoot an arrow.
The arrow hits the blizzard demon (63)!!!
The arrow burns the blizzard demon (90)!!!!
You kill the blizzard demon!
(D) Dungeon
Where to? (Enter - D @ (x,y), ? - help)
There is an open door to the Entrance Hall (Safe) here.
There is a staircase leading out of the dungeon here.
You have escaped!

##########.##................''..
#...........)...∩∩...........''..
#'#####'#####.....$#..#......##..
#.#.....#.[##................##..
#.#.....#))#####'#####''#########
#.###)###))##.......##''# ##### #
#.#.....#))##.......##..###...###
#.#.....#..##.......##...##...##.
#.####'##'###...@...###...##'##..
#.#........##.......# ##...[.....
#.#........##.......###..###)###.
#'###########.......##..##...)[##
#.).....#..###########).'.......'
#...#...#.############..##.....##
#...#...#.#....#..[[###..###)###.
#.##.##.#'#....#..[[# ##.........
#...#...#.'....'..))###...##'##..


There were no monsters in sight!

Vanquished Creatures
  Gloorx Vloq (D)
  Dissolution (D)
  Ignacio (D)
  Mnoleg (D)
  10 ancient liches (D)
  Mara (D)
  Mennas (D)
  3 orbs of fire (D)
  2 Killer Klowns (D)
  Margery (D)
  Boris (D)
  14 greater mummies (D)
  Xtahua (D)
  Frederick (D)
  Jory (D)
  2 curse toes (D)
  3 Tzitzimimeh (D)
  A pearl dragon (D)
  4 Brimstone Fiends (D)
  3 Hell Sentinels (D)
  2 Ice Fiends (D)
  8 titans (D)
  5 electric golems (D)
  2 hellephants (D)
  11 liches (D)
  2 quicksilver dragons (D)
  Frances (D)
  An Executioner (D)
  4 pandemonium lords (D)
  A sphinx (D)
  2 shadow dragons (D)
  A storm dragon (D)
  A draconian monk (D)
  6 nagarajas (D)
  2 daevas (D)
  2 iron dragons (D)
  3 frost giants (D)
  4 fire giants (D)
  2 platinum draconians (D)
  3 draconian scorchers (D)
  3 orc warlords (D)
  4 cacodemons (D)
  A ghost moth (D)
  the Lernaean hydra (D)
  A draconian sharpshooter (D)
  2 draconian shifters (D)
  4 deep elf sorcerers (D)
  2 balrugs (D)
  27 Orb Guardians (D)
  2 deep elf master archers (D)
  2 reapers (D)
  A black draconian (D)
  7 vampire knights (D)
  2 ophanim (D)
  5 draconian annihilators (D)
  A teal draconian (D)
  An eidolon (D)
  2 olive draconians (D)
  5 deep elf blademasters (D)
  A blood draconian (D)
  A tentacled monstrosity (D)
  A red draconian (D)
  A deep elf demonologist (D)
  2 cyan draconians (D)
  2 green deaths (D)
  5 ghouls (D)
  3 blizzard demons (D)
  6 fire dragons (D)
  5 mummy priests (D)
  Nessos (D)
  2 deep elf death magi (D)
  2 ice dragons (D)
  Josephine (D)
  A merfolk avatar (D)
  A deep elf high priest (D)
  2 emperor scorpions (D)
  6 naga warriors (D)
  A death knight (D)
  2 great orbs of eyes (D)
  4 hell beasts (D)
  An iron elemental (D)
  2 lorocyprocas (D)
  2 catoblepae (D)
  A stone giant (D)
  A merfolk impaler (D)
  2 merfolk aquamancers (D)
  2 spriggan berserkers (D)
  3 apis (D)
  An alligator snapping turtle (D)
  A soul eater (D)
  3 death oozes (D)
  An ettin (D)
  A spriggan defender (D)
  4 vampire magi (D)
  An orc high priest (D)
  A deep elf knight (D)
  2 yaktaur captains (D)
  24 hell knights (D)
  9 vault guards (D)
  A swamp dragon (D)
  A lindwurm (shapeshifter) (D)
  A salamander mystic (D)
  A phantasmal warrior (D)
  3 anacondas (D)
  A lindwurm (D)
  3 hydras (D)
  A fire crab (D)
  A cherub (D)
  10 orc knights (D)
  A death drake (D)
  A naga ritualist (D)
  5 skeletal warriors (D)
  4 sun demons (D)
  19 necromancers (D)
  13 wizards (D)
  A flayed ghost (D)
  A deep troll (D)
  A guardian serpent (D)
  A spriggan (D)
  A death yak (D)
  A deep elf mage (D)
  An orc sorcerer (D)
  A sea snake (D)
  A moth of wrath (D)
  A manticore (shapeshifter) (D)
  A small abomination (D)
  2 naga magi (D)
  An iron troll (D)
  2 gargoyles (D)
  An eye of devastation (D)
  A smoke demon (D)
  4 hellions (D)
  An elephant (D)
  A hellwing (D)
  A large abomination (D)
  4 yaktaurs (D)
  An orange demon (D)
  3 ice devils (D)
  An efreet (D)
  A kobold demonologist (D)
  4 tormentors (D)
  A komodo dragon (D)
  Psyche (D)
  A red devil (D)
  3 polar bears (D)
  A hornet (D)
  5 wraiths (D)
  Grum (D)
  A dream sheep (shapeshifter) (D)
  4 merfolk (D)
  A ynoxinul (D)
  A vampire (D)
  A neqoxec (D)
  A shadow (D)
  5 water elementals (D)
  2 chaos elementals (D)
  5 yaks (D)
  An acid dragon (D)
  A fire bat (D)
  2 fire elementals (D)
  6 humans (D)
  A tarantella (D)
  2 golden eyes (D)
  4 war dogs (D)
  4 guardian mummies (D)
  3 wargs (D)
  A redback (shapeshifter) (D)
  Purgy (D)
  9 redbacks (D)
  2 slime creatures (D)
  A soldier ant (D)
  A necrophage (D)
  4 orc warriors (D)
  A porcupine (D)
  A black bear (D)
  A sky beast (D)
  2 eyes of draining (D)
  An ice beast (D)
  3 big kobolds (D)
  A bullfrog (D)
  A centaur (D)
  A crimson imp (D)
  2 orc priests (D)
  4 jellies (D)
  3 orc wizards (D)
  A gnoll shaman (D)
  An iguana (D)
  A worker ant (D)
  An iron imp (D)
  8 gnolls (D)
  2 adders (D)
  A worm (D)
  5 giant cockroach zombies (D)
  6 oozes (D)
  2 giant cockroach simulacra (D)
  A leopard gecko (D)
  7 orcs (D)
  4 adder simulacra (D)
  6 adder skeletons (D)
  4 adder zombies (D)
  A goblin (D)
  A hobgoblin (D)
  16 kobolds (D)
  2 quokkas (D)
  A ball python (D)
  2 bats (D)
  5 bat simulacra (D)
  6 bat skeletons (D)
  7 bat zombies (D)
  A jackal skeleton (D)
  A leopard gecko zombie (D)
  2 quokka simulacra (D)
  2 quokka zombies (D)
601 creatures vanquished.

Vanquished Creatures (collateral kills)
  A tarantella (D)
1 creature vanquished.

Vanquished Creatures (others)
  4 dancing weapons (D)
4 creatures vanquished.

Grand Total: 606 creatures vanquished

Notes
Turn   | Place    | Note
-------+----------+-------------------------------------------
     0 | D        | esc the Centaur Hunter began the quest for the Orb.
     0 | D        | Reached XP level 1. HP: 17/17 MP: 1/1
    37 | D        | Found a glowing golden altar of the Shining One.
    37 | D        | Found a glowing silver altar of Zin.
    37 | D        | Found a basalt altar of Yredelemnul.
    37 | D        | Found a shimmering altar of Xom.
    37 | D        | Found an ornate altar of the Wu Jian Council.
    37 | D        | Found a bloodstained altar of Trog.
    37 | D        | Found a shimmering blue altar of Sif Muna.
    37 | D        | Found a sacrificial altar of Ru.
    37 | D        | Found a stormy altar of Qazlal.
    37 | D        | Found an iron altar of Okawaru.
    37 | D        | Found a sparkling altar of Nemelex Xobeh.
    37 | D        | Found a burning altar of Makhleb.
    37 | D        | Found a viscous altar of Jiyva.
    37 | D        | Found a hazy altar of Hepliaklqana.
    37 | D        | Found an opulent altar of Gozag.
    37 | D        | Found a blossoming altar of Fedhas.
    37 | D        | Found a white marble altar of Elyvilon.
    37 | D        | Found a shadowy altar of Dithmenos.
    37 | D        | Found a snail-covered altar of Cheibriados.
    38 | D        | Found a radiant altar of Vehumet.
    38 | D        | Found a corrupted altar of Lugonu.
    38 | D        | Found a roughly hewn altar of Beogh.
    39 | D        | Found a hide-covered altar of Uskayaw.
    39 | D        | Found an ancient bone altar of Kikubaaqudgha.
    39 | D        | Found a shattered altar of Ashenzari.
    42 | D        | Became a worshipper of Gozag Ym Sagoz the Greedy
    52 | D        | Noticed a worker ant
    67 | D        | Killed a worker ant
    67 | D        | Reached XP level 2. HP: 24/24 MP: 2/2
    70 | D        | Reached skill level 10 in Bows
    70 | D        | Reached XP level 3. HP: 29/29 MP: 3/3
   262 | D        | Noticed a fire bat
   275 | D        | Killed a fire bat
   275 | D        | Reached skill level 5 in Fighting
   275 | D        | Reached XP level 4. HP: 8/42 MP: 4/4
   275 | D        | Reached XP level 5. HP: 9/48 MP: 5/5
   444 | D        | Noticed a sky beast
   462 | D        | Killed a sky beast
   462 | D        | Reached XP level 6. HP: 58/58 MP: 6/6
   480 | D        | Noticed a tarantella
   541 | D        | Killed a tarantella
   750 | D        | Reached skill level 5 in Armour
   758 | D        | Reached XP level 7. HP: 67/67 MP: 7/7
   865 | D        | Noticed a wraith
   867 | D        | Noticed a deep troll
   867 | D        | Killed a wraith
   868 | D        | Killed a deep troll
   868 | D        | Reached skill level 15 in Bows
   868 | D        | Reached XP level 8. HP: 79/79 MP: 8/8
   870 | D        | Noticed a wraith
   872 | D        | Killed a wraith
   872 | D        | Reached skill level 10 in Fighting
   874 | D        | Noticed a wraith
   875 | D        | Killed a wraith
   895 | D        | Noticed Josephine
   897 | D        | Killed Josephine
   897 | D        | Reached XP level 9. HP: 90/90 MP: 9/9
   897 | D        | Noticed a sea snake
   899 | D        | Killed a sea snake
  1006 | D        | Noticed a phantasmal warrior
  1019 | D        | Killed a phantasmal warrior
  1033 | D        | Noticed a hellwing
  1033 | D        | Noticed an ice devil
  1035 | D        | Killed an ice devil
  1038 | D        | Killed a hellwing
  1038 | D        | Reached skill level 10 in Armour
  1038 | D        | Reached XP level 10. HP: 100/100 MP: 10/10
  1039 | D        | Noticed a small abomination
  1051 | D        | Killed a small abomination
  1085 | D        | Noticed Purgy
  1088 | D        | Killed Purgy
  1181 | D        | Noticed a merfolk impaler
  1184 | D        | Killed a merfolk impaler
  1189 | D        | Reached XP level 11. HP: 111/111 MP: 11/11
  1191 | D        | Noticed a six-headed hydra
  1200 | D        | Killed a six-headed hydra
  1202 | D        | Noticed a lindwurm
  1205 | D        | Killed a lindwurm
  1207 | D        | Reached skill level 15 in Fighting
  1208 | D        | Noticed an orc high priest
  1213 | D        | Noticed a vampire knight
  1240 | D        | Killed a vampire knight
  1245 | D        | Killed an orc high priest
  1420 | D        | Noticed a merfolk avatar
  1427 | D        | Killed a merfolk avatar
  1506 | D        | Noticed a five-headed hydra
  1515 | D        | Killed a five-headed hydra
  1636 | D        | Bought a scroll of acquirement for 728 gold pieces
  1645 | D        | Bought the ring "Tax Ujov" {Int-3 Dex+3 Slay+2 +Vis Stlth+}
                  | for 667 gold pieces
  1645 | D        | Bought the cursed ring "Vaudutz" {*Drain EV+5 Str+10
                  | Stlth-, (Curse: rC- MR-)} for 1314 gold pieces
  1645 | D        | Bought an uncursed amulet of harm for 540 gold pieces
  1670 | D        | Noticed Grum
  1672 | D        | Killed Grum
  1694 | D        | Noticed Psyche
  1695 | D        | Killed Psyche
  1698 | D        | Noticed a merfolk aquamancer
  1701 | D        | Killed a merfolk aquamancer
  1701 | D        | Reached XP level 12. HP: 124/124 MP: 12/12
  1800 | D        | Noticed a lorocyproca
  1800 | D        | Noticed a fire dragon
  1801 | D        | Noticed a deep elf death mage
  1803 | D        | Killed a fire dragon
  1805 | D        | Killed a lorocyproca
  1808 | D        | Killed a deep elf death mage
  1819 | D        | Noticed a lich
  1822 | D        | Killed a lich
  1822 | D        | Noticed a deep elf high priest
  1822 | D        | Noticed Frances
  1825 | D        | Killed Frances
  1825 | D        | Reached XP level 13. HP: 72/136 MP: 13/13
  1836 | D        | Reached skill level 15 in Armour
  1848 | D        | Noticed a deep elf sorcerer
  1849 | D        | Killed a deep elf sorcerer
  1853 | D        | Noticed a bone draconian scorcher
  1855 | D        | Killed a bone draconian scorcher
  1972 | D        | Noticed an olive draconian
  1976 | D        | Killed an olive draconian
  1977 | D        | Noticed a nagaraja
  1980 | D        | Killed a nagaraja
  2009 | D        | Noticed a silver draconian annihilator
  2012 | D        | Killed a silver draconian annihilator
  2032 | D        | Noticed a blood draconian
  2032 | D        | Noticed an olive draconian
  2035 | D        | Noticed a pearl draconian scorcher
  2047 | D        | Killed an olive draconian
  2049 | D        | Killed a pearl draconian scorcher
  2068 | D        | Killed a blood draconian
  2165 | D        | Got the Disquisition on the Volcanoes
  2175 | D        | Got the Reference Book on Flames
  2185 | D        | Got Huoxof's Collected Works on Flames
  2188 | D        | Got the Compendium of Fire
  2217 | D        | Got the ring "Jath" {rN+ Str-5 Int+3 Dex+3 +Vis}
  2219 | D        | Got the ring "Ciphaciph" {*Drain rF- Str+7 Int+2 Dex+5}
  2221 | D        | Got the ring of Attitude {*Contam rF+ rC+ MR++ Int+5}
  2223 | D        | Got the ring of Afris {Str+5 Dex+3}
  2225 | D        | Got the ring "Fomeise Byeng" {AC+5 Dex+2}
  2227 | D        | Got the ring of Wonesuad {MP+9 AC+5 Dex-4 Slay+3 +Vis}
  2229 | D        | Got the ring "Eroysh" {-Vis rF++ rN+ Int+3}
  2231 | D        | Got the ring "Jeeck" {Wiz MR+}
  2233 | D        | Got the ring "Icilual" {Fire Int+2 Dex+4}
  2235 | D        | Got the ring of Ylih {rF+ Str+5 Int+3 Dex+3}
  2237 | D        | Got the ring of Nagenaiv {Fire Dex+2}
  2239 | D        | Got the ring of Ewoy {rN+ Int+3}
  2241 | D        | Got the ring of the Komtur {Wiz rN+}
  2253 | D        | Got the amulet "Apsef" {RegenMP rF+ rC+}
  2255 | D        | Got the amulet of Remiesch {Harm *Drain MR+}
  2257 | D        | Got the amulet of Ascent {Regen+ Str+3 Int+4 Dex-3}
  2259 | D        | Got the amulet of Umiugamy {Reflect rElec SH+5}
  2261 | D        | Got the ring "Rulump" {rPois Int+2 Stlth+}
  2263 | D        | Got the amulet "Teseom" {+Rage rF+ Str+4}
  2265 | D        | Got the ring of Xeosagru {rElec rPois rF+ rC+ Dex-5}
  2267 | D        | Got the amulet "Tiovod" {RegenMP rC+ Str+3 Int+4}
  2269 | D        | Got the amulet "Sirisin" {+Rage Dex+2}
  2271 | D        | Got the amulet of Winter {Acrobat rF++ Int+4 Slay+5}
  2274 | D        | Got the amulet of Zytrorr {Spirit Int+7}
  2276 | D        | Got the ring of the Bull {AC+5 Str+3 Dex+7}
  2278 | D        | Got the amulet "Rohytof" {Chaos +Blink +Inv}
  2280 | D        | Got the amulet of Kohuics {RegenMP rC++ MR- +Vis Stlth-}
  2322 | D        | Bought a scroll of blinking for 202 gold pieces
  2326 | D        | Bought a scroll of enchantment for 202 gold pieces
  2384 | D        | Identified the cursed ring "Utyz" {rN+ EV+5 Dex+6, (Curse:
                  | *Corrode Fragile)}
  2384 | D        | Noticed an orc warlord
  2385 | D        | Noticed an orc warlord
  2393 | D        | Noticed a deep elf blademaster
  2438 | D        | Killed a deep elf blademaster
  2446 | D        | Killed an orc warlord
  2448 | D        | Killed an orc warlord
  2452 | D        | Reached XP level 14. HP: 95/149 MP: 14/14
  2476 | D        | Identified the cursed ring "Ukesua" {Fire +Fly Dex+4,
                  | (Curse: Fragile)}
  2480 | D        | Reached skill level 27 in Bows
  2511 | D        | Noticed Nessos
  2513 | D        | Killed Nessos
  2599 | D        | Identified the ring "Goguiz" {EV+5 Dex+5}
  2599 | D        | Noticed a teal draconian shifter
  2602 | D        | Killed a teal draconian shifter
  2748 | D        | Found the +13 scythe of Curses {drain, Soulbond}
  2977 | D        | Identified the cursed +3 cleaver "Dauppurgh" {molten, rF+
                  | rC++ Int-2, (Curse: Fragile)}
  3004 | D        | Identified the +1 quarterstaff of the Walnut {chaos, Str-2
                  | Dex+5}
  3084 | D        | Identified the cursed +9 staff "Hopno" {energy, tMut; rElec
                  | rN+ MP+9, (Curse: *Drain)}
  3113 | D        | Got Rewajesudgh's Collected Works on the Arsonist
  3268 | D        | Noticed a frost giant
  3268 | D        | Noticed a fire giant
  3268 | D        | Noticed a frost giant
  3273 | D        | Killed a fire giant
  3277 | D        | Killed a frost giant
  3278 | D        | Identified the +4 rapier of Ydovub {freeze, rElec rN+
                  | Int-3}
  3279 | D        | Killed a frost giant
  3281 | D        | Noticed a nagaraja
  3284 | D        | Killed a nagaraja
  3284 | D        | Reached XP level 15. HP: 166/166 MP: 15/15
  3298 | D        | Got Sif Muna's Catalogue of Fire
  3382 | D        | Noticed an electric golem
  3390 | D        | Killed an electric golem
  3442 | D        | Noticed a Killer Klown
  3450 | D        | Killed a Killer Klown
  3665 | D        | Noticed an ancient lich
  3669 | D        | Killed an ancient lich
  3786 | D        | Noticed a nagaraja
  3789 | D        | Killed a nagaraja
  3801 | D        | Noticed a titan
  3801 | D        | Noticed a Brimstone Fiend
  3801 | D        | Noticed a shadow dragon
  3817 | D        | Killed a shadow dragon
  3821 | D        | Killed a Brimstone Fiend
  3824 | D        | Killed a titan
  3850 | D        | Noticed an ancient lich
  3854 | D        | Killed an ancient lich
  3854 | D        | Reached skill level 27 in Fighting
  3854 | D        | Reached XP level 16. HP: 160/183 MP: 16/16
  3868 | D        | Noticed a titan
  3872 | D        | Killed a titan
  3885 | D        | Noticed a curse toe
  3896 | D        | Killed a curse toe
  4059 | D        | Noticed Margery
  4082 | D        | Killed Margery
  4279 | D        | Reached skill level 27 in Armour
  4281 | D        | Reached skill level 5 in Dodging
  4304 | D        | Reached skill level 10 in Dodging
  4304 | D        | Reached XP level 17. HP: 191/191 MP: 17/17
  4341 | D        | Found the +27 Lear's hauberk
  4433 | D        | Got the Compendium of Flames
  4545 | D        | Identified the ring "Ditroh" {Ice Dex+3}
  4551 | D        | Identified the +3 glaive of Discretion {venom, rN+ Dex+2}
  4599 | D        | Identified the cursed +5 staff of the Shining Light {warp,
                  | death; rN+ MP+9 Int+8 Slay-3, (Curse: Str-5)}
  4605 | D        | Reached skill level 15 in Dodging
  4607 | D        | Noticed Frederick
  4620 | D        | Killed Frederick
  4627 | D        | Identified the cursed amulet "Rixkajy" {Reflect Str+2 Int+3
                  | SH+5, (Curse: *Drain Fragile)}
  4630 | D        | Identified the cursed amulet of Teriene {Spirit Str+4,
                  | (Curse: *Corrode)}
  4683 | D        | Got a silver rune of Zot
  4688 | D        | Got the Volume of Heat
  4697 | D        | Bought a potion of heal wounds for 145 gold pieces
  4697 | D        | Bought a scroll labeled JUFU MODEF for 29 gold pieces
  4697 | D        | Bought a potion of haste for 290 gold pieces
  4697 | D        | Bought a bronze wand for 116 gold pieces
  4700 | D        | Bought a fine centaur barding for 672 gold pieces
  4700 | D        | Identified the +5 centaur barding of Untold Secrets {rCorr}
                  | (You bought it in a shop in the Dungeon)
  4701 | D        | Bought a pair of translucent gloves for 228 gold pieces
  4701 | D        | Identified the +0 pair of gloves of an ice cave {MR+ Regen+
                  | Str+3 Dex-2} (You bought it in a shop in the Dungeon)
  4701 | D        | Bought an ancient hat for 216 gold pieces
  4701 | D        | Identified the +4 hat of Heresy {Str+10} (You bought it in
                  | a shop in the Dungeon)
  4701 | D        | Bought the +10 Black Knight's horse barding {ponderous,
                  | rPois rN+} for 1521 gold pieces
  4701 | D        | Found the +10 Black Knight's horse barding {ponderous,
                  | rPois rN+}
  4795 | D        | Noticed a Killer Klown
  4796 | D        | Killed a Killer Klown
  4803 | D        | Noticed a hellephant
  4805 | D        | Killed a hellephant
  4810 | D        | Noticed an orb of fire
  4811 | D        | Identified the cursed +4 scutum of the Lost Path {Str+5
                  | Int-4, (Curse: Fragile MR-)}
  4811 | D        | Noticed Mennas
  4813 | D        | Noticed a lich
  4815 | D        | Killed an orb of fire
  4815 | D        | Reached XP level 18. HP: 170/200 MP: 18/18
  4823 | D        | Killed Mennas
  4847 | D        | Noticed the 27-headed Lernaean hydra
  4850 | D        | Killed the 27-headed Lernaean hydra
  4859 | D        | Noticed a Hell Sentinel
  4862 | D        | Killed a Hell Sentinel
  4909 | D        | Got the ring "Lyiviec" {rElec MR++ MP+9 Dex-2 +Vis}
  4911 | D        | Got the ring of the Swan {Str+4 Int+3 Dex+5}
  4913 | D        | Got the ring "Yppapt" {rElec rC+ rN+}
  4915 | D        | Got the amulet of Giel {Reflect rC+ Dex-2 Slay+3 SH+5
                  | Stlth+}
  4917 | D        | Got the ring of Jek Waco {Fire rPois MR+ Str+2}
  4919 | D        | Got the ring of Musidan {+Inv rN+ MR+ Slay+2}
  4921 | D        | Got the ring "Zaffon" {rF+ rC+ rN+ Str+4}
  4924 | D        | Got the ring "Ruacsuol" {Ice rElec rPois MR+ Int+2 Dex-3}
  4938 | D        | Noticed a lich
  4940 | D        | Killed a lich
  4962 | D        | Noticed a hellephant
  4969 | D        | Killed a hellephant
  5138 | D        | Reached skill level 27 in Dodging
  5138 | D        | Reached skill level 1 in Stealth
  5159 | D        | Noticed a Tzitzimitl
  5161 | D        | Killed a Tzitzimitl
  5161 | D        | Reached skill level 5 in Evocations
  5167 | D        | Noticed a Tzitzimitl
  5169 | D        | Killed a Tzitzimitl
  5177 | D        | Noticed Dagage the pandemonium lord
  5193 | D        | Killed Dagage the pandemonium lord
  5314 | D        | Bought a scroll of enchantment for 82 gold pieces
  5314 | D        | Bought a scroll of enchantment for 82 gold pieces
  5314 | D        | Bought a scroll of magic mapping for 38 gold pieces
  5450 | D        | Noticed an ancient lich
  5454 | D        | Killed an ancient lich
  5454 | D        | Reached skill level 10 in Stealth
  5456 | D        | Reached XP level 19. HP: 207/207 MP: 24/27
  5470 | D        | Noticed Voics the pandemonium lord
  5482 | D        | Killed Voics the pandemonium lord
  5648 | D        | Noticed a Tzitzimitl
  5655 | D        | Killed a Tzitzimitl
  5655 | D        | Reached skill level 15 in Evocations
  5785 | D        | Noticed Mnoleg
  5814 | D        | Killed Mnoleg
  5814 | D        | Reached skill level 15 in Stealth
  5820 | D        | Noticed Bayqof the pandemonium lord
  5844 | D        | Killed Bayqof the pandemonium lord
  5953 | D        | Noticed an ancient lich
  5953 | D        | Noticed Dissolution
  5954 | D        | Noticed a Tzitzimitl
  5961 | D        | Killed Dissolution
  5979 | D        | Killed an ancient lich
  6078 | D        | Noticed an ancient lich
  6085 | D        | Killed an ancient lich
  6134 | D        | Noticed a Brimstone Fiend
  6138 | D        | Killed a Brimstone Fiend
  6306 | D        | Reached XP level 20. HP: 216/216 MP: 35/35
  6345 | D        | Found the +10 large shield of Ignorance {rN+ Int-4}
  6364 | D        | Got an iron rune of Zot
  6366 | D        | Got the amulet "Heotin" {Faith Str+2 Int+3}
  6369 | D        | Got the ring "Topysmal" {Wiz Str+4 Dex-2}
  6373 | D        | Got the ring of Setaphos {Str-5 Int+2 Dex+7 Slay+5}
  6377 | D        | Got the ring "Soptash" {Fire rN+ MR+ +Vis}
  6380 | D        | Got the ring "Zanog" {Fire rElec rPois Int-2 Stlth+}
  6383 | D        | Got the amulet of Abstinence {Spirit *Contam rC+ Int+3
                  | +Vis}
  6387 | D        | Got the ring of Ublon {+Blink rPois rC+ rCorr}
  6390 | D        | Got the ring "Kiack" {MR++ MP+9}
  6425 | D        | Gained mutation: You tend to lose your temper in combat.
                  | [mutagenic glow]
  7180 | D        | Noticed Boris
  7180 | D        | Noticed Xtahua
  7189 | D        | Killed Boris
  7191 | D        | Killed Xtahua
  7220 | D        | Noticed Jory
  7222 | D        | Noticed Mara
  7243 | D        | Killed Jory
  7270 | D        | Noticed Gloorx Vloq
  7271 | D        | Noticed a greater mummy
  7273 | D        | Killed Mara
  7276 | D        | Killed Gloorx Vloq
  7276 | D        | Reached skill level 27 in Evocations
  7278 | D        | Killed a greater mummy
  7438 | D        | Noticed a greater mummy
  7442 | D        | Killed a greater mummy
  7444 | D        | Noticed a greater mummy
  7446 | D        | Reached XP level 21. HP: 224/224 MP: 38/38
  7448 | D        | Killed a greater mummy
  7450 | D        | Noticed a greater mummy
  7455 | D        | Killed a greater mummy
  7468 | D        | Noticed an orb of fire
  7470 | D        | Gained mutation: You are frail. (-10% HP) [an orb of fire]
  7472 | D        | Noticed a curse toe
  7473 | D        | Killed an orb of fire
  7476 | D        | Killed a curse toe
  7480 | D        | Reached skill level 27 in Stealth
  7480 | D        | Reached skill level 1 in Spellcasting
  7490 | D        | Learned a level 3 spell: Portal Projectile
  7501 | D        | Noticed a greater mummy
  7504 | D        | Killed a greater mummy
  7505 | D        | Reached skill level 5 in Spellcasting
  7508 | D        | Reached skill level 5 in Charms
  7508 | D        | Reached skill level 5 in Translocations
  7508 | D        | Noticed a greater mummy
  7510 | D        | Noticed a greater mummy
  7511 | D        | Killed a greater mummy
  7517 | D        | Killed a greater mummy
  7628 | D        | Reached skill level 10 in Charms
  7628 | D        | Reached skill level 10 in Translocations
  7628 | D        | Noticed Ignacio
  7631 | D        | Killed Ignacio
  7631 | D        | Reached skill level 10 in Spellcasting
  7651 | D        | Noticed a greater mummy
  7654 | D        | Killed a greater mummy
  7754 | D        | Noticed an orb of fire
  7757 | D        | Killed an orb of fire
  7757 | D        | Reached skill level 15 in Charms
  7757 | D        | Reached skill level 15 in Translocations
  7767 | D        | Reached XP level 22. HP: 196/206 MP: 39/39
  7771 | D        | Noticed Pigalawo the pandemonium lord
  7773 | D        | Killed Pigalawo the pandemonium lord
  8143 | D        | Noticed a greater mummy
  8143 | D        | Noticed a greater mummy
  8143 | D        | Noticed an ancient lich
  8153 | D        | Killed an ancient lich
  8153 | D        | Reached skill level 15 in Spellcasting
  8170 | D        | Killed a greater mummy
  8175 | D        | Identified the cursed +7 sai of Utiawaf {acid, rN+ Str+5
                  | Int+6, (Curse: MP-9)}
  8204 | D        | Killed a greater mummy
  8374 | D        | Noticed a greater mummy
  8374 | D        | Noticed an ancient lich
  8374 | D        | Noticed an ancient lich
  8374 | D        | Noticed an ancient lich
  8384 | D        | Killed an ancient lich
  8387 | D        | Killed an ancient lich
  8390 | D        | Killed a greater mummy
  8393 | D        | Killed an ancient lich
  8405 | D        | Noticed a greater mummy
  8411 | D        | Killed a greater mummy
  8430 | D        | Noticed a greater mummy
  8432 | D        | Killed a greater mummy
  8442 | D        | Identified the cursed amulet of Doasiwoc {+Rage rC+,
                  | (Curse: *Corrode)}
  8458 | D        | Noticed a greater mummy
  8459 | D        | Identified the ring of Mistrust {rElec rN+}
  8460 | D        | Killed a greater mummy
  8467 | D        | Noticed an ancient lich
  8471 | D        | Killed an ancient lich
  8471 | D        | Reached XP level 23. HP: 197/210 MP: 47/47
  8484 | D        | Got the Almanac of the Arsonist
  8496 | D        | Got the Catalogue of the Volcanoes
  8530 | D        | Got a golden rune of Zot
  8707 | D        | Got the Orb of Zot
  8793 | D        | Escaped with the Orb!

Levels and vault maps discovered:
D:        pitsprint [storerooms_1, entrance_room_1, metal_vault_5, armoury_3,
          mini_pit_1, grid_room_1, main_hall_1, silver_pit, the_coven_1,
          the_vestibule_1, steel_vault_4, golden_pit, hallway_of_sentries,
          crystal_vault_5, iron_vault_4, final_vault]

Skill      XL: |  1  2  3  4  5  6  7  8  9 10 11 12 13 14 15 16 17 18 19 20 21 22 |
---------------+-------------------------------------------------------------------+-----
Bows           | 9 10 12 13 14 15 17 18 20 22 24 26 27 | 27.0
Fighting       | 5 6 7 9 11 12 14 16 18 20 24 27 | 27.0
Armour         | 3 4 5 7 9 10 11 13 14 17 20 23 27 | 27.0
Dodging        | 10 22 27 | 27.0
Stealth        | 10 18 24 27 | 27.0
Evocations     | 11 22 27 | 27.0
Unarmed Combat | 3 |  3.7
Spellcasting   | 13 20 | 20.9
Charms         | 15 23 | 23.8
Translocations | 15 23 | 23.8

Action                   |  1- 3 |  4- 6 |  7- 9 | 10-12 | 13-15 | 16-18 | 19-21 | 22-24 || total
-------------------------+-------+-------+-------+-------+-------+-------+-------+-------++-------
 Fire: Shortbow          |    39 |    21 |    37 |   174 |   137 |       |       |       ||   408
       Longbow           |       |       |       |       |   102 |   325 |   276 |   121 ||   824
Invok: Call Merchant     |       |       |       |     4 |     3 |     4 |       |       ||    11
Evoke: Wand              |       |       |       |       |     4 |     1 |       |       ||     5
  Use: Scroll            |     1 |     2 |       |     3 |     9 |    10 |     1 |       ||    26
       Potion            |       |     4 |       |     2 |     2 |     4 |     4 |     2 ||    18
  Eat: Ration            |       |       |       |     1 |     2 |       |     2 |     2 ||     7
Armor: Leather armour    |     2 |       |       |       |       |       |       |       ||     2
       Ring mail         |     4 |     1 |       |     6 |       |       |       |       ||    11
       Chain mail        |       |       |       |       |    17 |     2 |       |       ||    19
       Gold dragon scale |       |       |       |       |       |       |    47 |     1 ||    48
Dodge: Dodged            |    11 |     3 |       |     1 |    12 |     7 |    63 |     2 ||    99
       Deflected         |       |       |       |       |     3 |     3 |     6 |       ||    12
